 Dungeon Crawl Stone Soup version 0.30-b1-2-g02819fbbbe (webtiles) character file.

Game seed: 12983046885402540496

336 Borgoz the Slasher (level 6, -11/48 HPs)
             Began as a Human Fighter on June 25, 2023.
             Mangled by an ice beast (14 damage)
             ... on level 4 of the Dungeon.
             The game lasted 00:07:33 (2947 turns).

Borgoz the Slasher (Human Fighter)                  Turns: 2947, Time: 00:07:34

Health: -11/48     AC:  8    Str: 21 (22) XL:     6   Next: 84%
Magic:  6/6        EV: 10    Int: 13 (14) God:
Gold:   176        SH:  4    Dex: 10      Spells: 5/5 levels left

rFire   . . .        a - +1 long sword
rCold   . . .        c - +0 buckler
rNeg    . . .        e - +1 leather armour of the Quahog {rPois Int+7 Dex-2}
rPois   +            m - +1 helmet
rElec   .            (no cloak)
rCorr   .            (no gloves)
SInv    .            k - +1 pair of boots
Will    .....        (no amulet)
Stlth   +            g - ring of wizardry
HPRegen 0.28/turn    (no ring)
MPRegen 0.10/turn

%: wizardry (x1)
@: unable to drink
A: strong 1, inability to drink after injury 1
a: no special abilities


You were on level 4 of the Dungeon.
You visited 2 branches of the dungeon, and saw 6 of its levels.

You collected 176 gold pieces.

Inventory:

Hand Weapons
 a - a +1 long sword (weapon)
 b - a +0 scimitar
Armour
 c - a +0 buckler (worn)
 e - the +1 leather armour of the Quahog (worn) {rPois Int+7 Dex-2}
   (You found it on level 2 of the Dungeon)

   Int:       It affects your intelligence (+7).
   Dex:       It affects your dexterity (-2).
   rPois:     It protects you from poison.
 k - a +1 pair of boots (worn)
 m - a +1 helmet (worn)
Jewellery
 g - a ring of wizardry (left hand)
Scrolls
 h - 2 scrolls of blinking
 i - 2 scrolls of identify
Potions
 d - a potion of magic
 f - a potion of flight


   Skills:
 + Level 4.1 Fighting
 * Level 4.4 Long Blades
 + Level 4.1 Armour
 + Level 4.1 Shields


You had 5 spell levels left.
You didn't know any spells.
Your spell library was empty.

Dungeon Overview and Level Annotations

Branches:
Dungeon (5/15)             Temple (1/1) D:5

Altars:
Ashenzari
Dithmenos
Elyvilon
Hepliaklqana
Kikubaaqudgha
Makhleb
Nemelex Xobeh
Qazlal
Ru
Trog
Uskayaw
Vehumet
Zin
The Shining One

Shops:
D:2 =::(


Innate Abilities, Weirdness & Mutations

Your muscles are strong. (Str +4, Int/Dex -1)
You occasionally lose the ability to drink potions when taking damage.


Message History

The ice beast hits you but does no damage.
You barely miss the ice beast.
The ice beast is lightly wounded.
The ice beast misses you.
The ice beast hits you but does no damage.
You closely miss the ice beast.
The ice beast is lightly wounded.
The ice beast barely misses you.
You closely miss the ice beast.
The ice beast is lightly wounded.
You block the ice beast's attack.
You barely miss the ice beast.
The ice beast is lightly wounded.
The ice beast hits you but does no damage.
You hit the ice beast but do no damage.
The ice beast is lightly wounded.
You block the ice beast's attack.
You barely miss the ice beast.
The ice beast is lightly wounded.
The ice beast hits you. The ice beast freezes you!
* * * LOW HITPOINT WARNING * * *
a - a +1 long sword (weapon)
The ice beast hits you.
* * * LOW HITPOINT WARNING * * *
The ice beast freezes you.
* * * LOW HITPOINT WARNING * * *
You hit the ice beast.
The ice beast is lightly wounded.
The ice beast closely misses you.
You closely miss the ice beast.
The ice beast is lightly wounded.
The ice beast hits you but does no damage.
You hit the ice beast but do no damage.
The ice beast is lightly wounded.
The ice beast hits you but does no damage.
The ice beast hits you.
* * * LOW HITPOINT WARNING * * *
The ice beast freezes you!
You feel threatened and lose the ability to drink potions!
You die...

#..(.........##....).#
##............#..###..#
##...##.....#.....# #...
####.......#..##.....# #..)
##.....#....##.###....####..
#......#...##..#........##..
#...........#..##..#........
#####............#..##.......
#...#.......@....#...#.....(.
#####..........Y>.....#..........
.#.#..................#<.........
.#.#.†..........................#
.........##............###......#
.....................#####.......
..#................### ##..####..
.##...#.##........## #....# #..
......####.........#####..### ###


You could see an ice beast.

Vanquished Creatures
  A black bear (Temple)
  A scorpion (D:4)
  3 gnolls (D:2)
  8 adders
  A worm (D:4)
  A dart slug (D:1)
  6 orcs
  7 bats
  5 endoplasms
  2 giant cockroaches
  6 goblins
  8 hobgoblins
  6 jackals (D:1)
  3 quokkas
  7 ball pythons
  4 frilled lizards
  4 kobolds
  6 rats
79 creatures vanquished.

Notes
Turn   | Place    | Note
-------+----------+-------------------------------------------
     0 | D:1      | Borgoz the Human Fighter began the quest for the Orb.
     0 | D:1      | Reached XP level 1. HP: 18/18 MP: 1/1
    49 | D:1      | Reached XP level 2. HP: 16/24 MP: 2/2
   244 | D:1      | Reached XP level 3. HP: 21/29 MP: 3/3
   573 | D:2      | Found Qozeal's Weapon Boutique.
   601 | D:1      | Reached XP level 4. HP: 35/35 MP: 4/4
   779 | D:2      | Found Feaq's Book Shop.
   804 | D:2      | Found Bopas's Jewellery Emporium.
   962 | D:2      | Found Funadof's Book Shoppe.
  1033 | D:2      | Reached XP level 5. HP: 41/41 MP: 5/5
  1102 | D:2      | Identified the +1 leather armour of the Quahog {rPois Int+7
                  | Dex-2}
  1636 | D:3      | Found a hazy altar of Hepliaklqana.
  2045 | D:4      | Gained mutation: You have hidden genetic defects. [potion
                  | of mutation]
  2045 | D:4      | Gained mutation: You have large cloven feet. [potion of
                  | mutation]
  2364 | D:4      | Reached XP level 6. HP: 30/48 MP: 6/6
  2365 | D:4      | Gained mutation: You are frail. (-10% HP) [hidden defects]
  2450 | D:4      | Lost mutation: You are frail. (-10% HP) [potion of
                  | mutation]
  2450 | D:4      | Lost mutation: You have large cloven feet. [potion of
                  | mutation]
  2450 | D:4      | Gained mutation: Your muscles are strong. (Str +4, Int/Dex
                  | -1) [potion of mutation]
  2724 | D:5      | Entered Level 5 of the Dungeon
  2730 | D:5      | Found a staircase to the Ecumenical Temple.
  2731 | D:5      | Noticed a black bear
  2732 | D:5      | Noticed an ogre
  2733 | D:5      | Noticed an ice beast
  2743 | Temple   | Entered the Ecumenical Temple
  2753 | Temple   | Killed a black bear
  2762 | Temple   | Gained mutation: You occasionally lose the ability to drink
                  | potions when taking damage. [hidden defects]
  2762 | Temple   | Lost mutation: You have hidden genetic defects. [hidden
                  | defects expressed]
  2947 | D:4      | Mangled by an ice beast

Illustrated notes

Levels and vault maps discovered:
D:1:      psy_arrival_spokes, layout_rooms
D:2:      layout_rooms, serial_shops, nicolae_shop_tiny_statue_garden,
          nicolae_shop_back_alley_shop, shop, nicolae_shop_stone,
          nicolae_elevator_lobby_asterisk
D:3:      layout_basic, nzn_hepliaklqana_mist_gate, st_stairs_11
D:4:      layout_cave_pools
D:5:      layout_cave_pools, kennysheep_mini,
          minmay_temple_entry_statues_pillars, cheibrodos_sewer_entry_drain
Temple:   bh_familiar_temple

Skill      XL: |  1  2  3  4  5  6 |
---------------+-------------------+-----
Long Blades    | 3 4 |  4.4
Fighting       | 4 |  4.1
Armour         | 4 |  4.1
Shields        | 4 |  4.1

Action                     |  1- 3 |  4- 6 || total
---------------------------+-------+-------++-------
  Melee: Long sword        |    99 |   102 ||   201
         Scimitar          |       |    77 ||    77
         Kick              |       |     2 ||     2
    Use: Scroll            |     4 |     7 ||    11
         Potion            |       |     6 ||     6
 Armour: Scale mail        |    93 |    14 ||   107
         Leather armour    |       |    95 ||    95
  Dodge: Dodged            |    84 |   115 ||   199
  Block: Buckler           |    46 |    51 ||    97
